[Event "*** Titled Tuesday Blitz"]
[Site "Chess.com"]
[Date "2020.10.27"]
[Round "3"]
[White "vugarrasulov"]
[Black "Neftegor"]
[Result "1-0"]
[WhiteElo "2855"]
[BlackElo "2464"]
[TimeControl "180+1"]
[EndTime "10:28:09 PDT"]
[Termination "vugarrasulov won by resignation"]

1. e4 c6 2. d4 d5 3. Nc3 dxe4 4.
Nxe4 Nf6 5. Nxf6+ exf6 6. Bc4 Bd6 7. Qe2+ Qe7 8. Qxe7+ Kxe7 9. Ne2 Rd8 10. c3 Nd7 11.
Be3 b5 12. Bb3 Nb6 13. O-O-O a5 14. Rhe1 a4 15. Bc2 Kf8 16. a3 h6 17. Ng3 Be6 18. Ne4 Nc4 19. Nxd6 Rxd6 20. Bf4 Rd7 21. f3 f5 22. h4 Re8 23. Re2 Nb6 24. Rde1 Nd5 25. Bd2 f4 26. Re5 Rde7 27. h5 f6 28. R5e4 Bf7 29. c4 bxc4 30. Bxa4 Rc7 31. Rxe8+ Bxe8 32. Re6 Kf7 33. Re4 Kf8 34. Bxf4 Nxf4 35. Rxf4 Bxh5 36. Rf5 Bf7 37. Rc5 Bd5 38. Bxc6 Rxc6 39. Rxd5 Ke7 40. Kc2 Ke6 41. Rd8 Rb6 42. Rg8 g5 43. Re8+ Kd5 44.
Rd8+ Ke6 45. a4 h5 46. Re8+ Kd5 47. Rd8+ Ke6 48. Ra8 h4 49. a5 Rb5 50. a6 Ra5 51. Kc3 Ra4 52. a7 Kf7 53. Rh8 1-0

[Event "*** Titled Tuesday Blitz"]
[Site "Chess.com"]
[Date "2020.10.27"]
[Round "3"]
[White "Arfan48"]
[Black "GregShahade"]
[Result "0-1"]
[WhiteElo "2416"]
[BlackElo "2659"]
[TimeControl "180+1"]
[EndTime "10:28:09 PDT"]
[Termination "GregShahade won by checkmate"]

1. e4 e5 2. Nf3 Nc6 3. d4 exd4 4.
Nxd4 Nf6 5. Nxc6 bxc6 6. e5 Qe7 7. Qe2 Nd5 8. c4 Ba6 9. Nd2 g6 10. Nf3 Qb4+ 11. Kd1 Ne7 12. Qc2 c5 13. Bd3 Bg7 14. Bd2 Qb6 15. h4 h6 16. Rb1 O-O 17. h5 g5 18.
Nxg5 hxg5 19. Bxg5 Nc6 20. f4 Nb4 21. Qe2 Nxd3 22.
Qxd3 Qe6 23. h6 Bxe5 24. Qg3 Qg6 25. Ke2 Bxc4+ 26. Kf3 Bd5+ 27. Kg4 f5+ 28. Kh3 Kh7 29. Rbd1 Be4 30. fxe5 Qh5+ 31. Bh4 Rg8 32. Rxd7+ Kh8 33. Qg7+ Rxg7 34. hxg7+ Kg8 35. Kg3 Qg4+ 36. Kf2 Qxg2+ 37. Ke3 Qxh1 38. Bf6 Qf3+ 39. Kd2 Qf2+ 40. Kc3 Qc2# 0-1

[Event "*** Titled Tuesday Blitz"]
[Site "Chess.com"]
[Date "2020.10.27"]
[Round "3"]
[White "Yashasd1995"]
[Black "levallem"]
[Result "1-0"]
[WhiteElo "2539"]
[BlackElo "2308"]
[TimeControl "180+1"]
[EndTime "10:28:10 PDT"]
[Termination "Yashasd1995 won on time"]

1. b3 c6 2. Bb2 d5 3. e3 Nf6 4. f4 Bg4 5. Be2 Bxe2 6. Qxe2 g6 7. Nf3 Bg7 8. O-O Nbd7 9. d3 e6 10. Nbd2 Qb6 11. c4 O-O 12. Rae1 Ne8 13. Bxg7 Nxg7 14. Kh1 Rae8 15. e4 f5 16. Rc1 dxe4 17. dxe4 e5 18. c5 Qc7 19. Qc4+ Kh8 20. Ng5 Re7 21.
exf5 Rxf5 22. Rce1 h6 23. Ngf3 Rxf4 24. Qxf4 exf4 25.
Rxe7 Nf5 26. Re8+ Kg7 27. b4 a5 28. a3 Nf6 29. Re6 axb4 30. axb4 Nd5 31. Rfe1 Nfe3 32. Ne5 g5 33. Rg6+ Kh7 34. Rd6 Qe7 35. Rd7 Qxd7 36. Nxd7 Nxb4 37. Nf1 Nd3 38. Rb1 Nf5 39.
Rxb7 Kg6 40. Rc7 Nb4 41. Ne5+ Kh5 42. Nxc6 Nd5 43. Rd7 Nc3 44. Nd4 Nh4 45. c6 1-0

[Event "*** Titled Tuesday Blitz"]
[Site "Chess.com"]
[Date "2020.10.27"]
[Round "3"]
[White "Fh2411"]
[Black "ViktoriyaTarasova"]
[Result "1-0"]
[WhiteElo "2520"]
[BlackElo "2263"]
[TimeControl "180+1"]
[EndTime "10:28:10 PDT"]
[Termination "Fh2411 won by resignation"]

1. d4 Nf6 2. Nf3 e6 3. Bf4 b6 4. e3 Bb7 5. Nbd2 d5 6. Bd3 Bd6 7. Ne5 O-O 8. Qf3 c5 9. c3 Nc6 10. Qh3 g6 11. Bg3 Ne8 12. f4 f6 13. Qxe6+ Kg7 14. Bh4 Nc7 15. Qh3 Qc8 16. Qxc8 Raxc8 17. Nxc6 Bxc6 18. O-O Rfe8 19. Rae1 f5 20. Nf3 c4 21. Bc2 b5 22. Ne5 Bb7 23. h3 a5 24. g4 fxg4 25.
hxg4 b4 26. Ba4 Rf8 27. f5 gxf5 28. gxf5 Kh8 29. Kh1 bxc3 30. bxc3 Bxe5 31. dxe5 d4+ 32. Kh2 dxc3 33. e4 Na6 34. Bf6+ Rxf6 35. exf6 Nc5 36.
Bc2 Nd3 37. Re3 Rf8 38. e5 Rg8 39. Rg1 Rd8 40. f7 1-0

[Event "*** Titled Tuesday Blitz"]
[Site "Chess.com"]
[Date "2020.10.27"]
[Round "3"]
[White "Fandorine"]
[Black "Angel_Hranitel_37"]
[Result "1-0"]
[WhiteElo "2848"]
[BlackElo "2459"]
[TimeControl "180+1"]
[EndTime "10:28:12 PDT"]
[Termination "Fandorine won by resignation"]

1. d4 Nf6 2. Nf3 e6 3. Bg5 c5 4.
d5 d6 5. Nc3 Be7 6. dxe6 Bxe6 7. e4 Nc6 8. Be2 h6 9. Bf4 O-O 10. O-O d5 11. exd5 Nxd5 12. Nxd5 Qxd5 13. Qxd5 Bxd5 14.
c3 Rad8 15. Rfe1 Bd6 16. Be3 b6 17. h3 Bc7 18. Red1 Be6 19. Kf1 Rxd1+ 20. Rxd1 Rd8 21. Rxd8+ Bxd8 22. b3 Bf6 23. Bd2 Bf5 24. Bb5 Ne7 25.
Ne1 Nd5 26. c4 Nc3 27. Bxc3 Bxc3 28. Ke2 Bb1 29. Nf3 f6 30. g4 Kf7 31. Bc6 Ke7 32.
h4 Kd6 33. Be8 Be5 34. Ba4 Bxa2 35. Nd2 Bc3 36. Ne4+ Ke5 37. Nxc3 Bxb3 38. Bxb3 Kd4 39. Nb5+ 1-0

[Event "*** Titled Tuesday Blitz"]
[Site "Chess.com"]
[Date "2020.10.27"]
[Round "3"]
[White "FMJoseHerrera"]
[Black "Sergienko_Sergey"]
[Result "1-0"]
[WhiteElo "2555"]
[BlackElo "2341"]
[TimeControl "180+1"]
[EndTime "10:28:12 PDT"]
[Termination "FMJoseHerrera won on time"]

1. Nf3 Nf6 2. g3 d5 3. Bg2 Bf5 4. O-O e6 5. d3 h6 6. c3 Be7 7.
Qb3 Qc8 8. c4 O-O 9. cxd5 exd5 10. Nc3 c6 11. Re1 Na6 12. Be3 Nc5 13. Qc2 Bh3 14.
Bh1 Ng4 15. Bf4 Ne6 16. Bd2 Qd8 17. Rad1 Bc5 18. e3 Qf6 19. Ne2 Bb6 20. Bc3 Qg6 21. Nh4 Qg5 22. Nf3 Qxe3 23. Ned4 Nxd4 24. Bxd4 Bxd4 25. fxe3 Nxe3 26. Nxd4 Nxc2 27. Nxc2 Rfe8 28. Bg2 Bg4 29. Rxe8+ Rxe8 30. Re1 Rd8 31. Re7 Bd7 32. Re1 Kf8 33. Kf2 Bc8 34. Nd4 a6 35. b4 Bd7 36. a3 1-0

[Event "*** Titled Tuesday Blitz"]
[Site "Chess.com"]
[Date "2020.10.27"]
[Round "3"]
[White "Meri-Arabidze"]
[Black "BilodeauA"]
[Result "0-1"]
[WhiteElo "2677"]
[BlackElo "2904"]
[TimeControl "180+1"]
[EndTime "10:28:13 PDT"]
[Termination "BilodeauA won on time"]

1. d4 d5 2. c4 dxc4 3. Nf3 a6 4. e3 Bg4 5. Bxc4 e6 6. O-O Nf6 7. h3 Bh5 8. Nc3 Nc6 9. Be2 Bd6 10. b3 O-O 11.
Bb2 Nd5 12. Ne4 f5 13. Nc5 Qc8 14. Rc1 Nd8 15. Nd3 c6 16. Nfe5 Bxe2 17. Qxe2 Nf7 18.
Nc4 Bc7 19. a3 Qe8 20. b4 Ng5 21. Nce5 Rd8 22. Kh1 Ne4 23. Rfd1 Qe7 24. Kg1 Qg5 25. a4 Rf6 26. b5 axb5 27. axb5 cxb5 28. Nf4 Bxe5 29.
dxe5 Rh6 30. Kf1 Rf8 31. Nxd5 exd5 32. Rxd5 f4 33. exf4 Qxf4 34. Kg1 Nxf2 35. e6 Qg3 36. Rh5 Nxh3+ 37. Kh1 Nf4 38. Rxh6 Nxe2 39. Rh3 Qxh3+ 40. gxh3 Nxc1 0-1

[Event "*** Titled Tuesday Blitz"]
[Site "Chess.com"]
[Date "2020.10.27"]
[Round "3"]
[White "Kotofeyca"]
[Black "Iskusnyh"]
[Result "0-1"]
[WhiteElo "2354"]
[BlackElo "2560"]
[TimeControl "180+1"]
[EndTime "10:28:13 PDT"]
[Termination "Iskusnyh won by checkmate"]

1. d4 d5 2. c4 c6 3. Nc3 Nf6 4.
cxd5 cxd5 5. Bf4 Nc6 6. e3 a6 7. Nf3 Bg4 8. h3 Bxf3 9. Qxf3 e6 10. Bd3 Bd6 11. Bg5 Be7 12. O-O O-O 13. Rfc1 Nd7 14. Bxe7 Qxe7 15. Na4 Rac8 16. Qd1 Nb4 17. Be2 b5 18.
Nc3 Nb6 19. a4 Nxa4 20. Nxa4 bxa4 21. Qxa4 Qb7 22. Rc3 g6 23. Rac1 Rb8 24. Rb3 Qb6 25. Rc5 Kg7 26. Ra5 Rfc8 27. g3 Rc2 28. Rxa6 Qc7 29.
Ra7 Qc8 30. Bf3 Rd2 31. Rxb4 Qc1+ 32. Kg2 Qe1 33. Rxf7+ Kh6 34. Rxh7+ Kxh7 35. Qd7+ Kh6 36.
h4 Qxf2+ 37. Kh3 Qxf3 38. Rxb8 Qf5+ 39. g4 Qf3# 0-1

[Event "*** Titled Tuesday Blitz"]
[Site "Chess.com"]
[Date "2020.10.27"]
[Round "3"]
[White "Ajedrez_con_German"]
[Black "SergeyShtyka"]
[Result "1/2-1/2"]
[WhiteElo "2535"]
[BlackElo "2325"]
[TimeControl "180+1"]
[EndTime "10:28:14 PDT"]
[Termination "Game drawn by repetition"]

1. Nf3 c5 2. c4 Nc6 3. d4 cxd4 4. Nxd4 Nf6 5. g3 e5 6. Nc2 d5 7.
cxd5 Qxd5 8. Qxd5 Nxd5 9. Bg2 Be6 10. O-O Bc5 11. a3 a5 12. Bd2 Ke7 13. Nc3 Nxc3 14. Bxc3 f6 15. Rac1 Rhd8 16. Be4 g6 17. Bg2 Bd5 18. Bxd5 Rxd5 19. Kg2 a4 20. h4 Rad8 21. h5 Ke6 22. hxg6 hxg6 23. Rh1 Nd4 24. Bxd4 Bxd4 25. Nxd4+ Rxd4 26. Rc7 R8d7 27. Rhc1 Rd2 28. R1c2 b5 29. R7c6+ Ke7 30. R6c5 R2d5 31. Rxd5 Rxd5 32. Kf3 f5 33. e3 Ke6 34. g4 Kd6 35. gxf5 gxf5 36. Ke2 e4 37. Rc1 Rc5 38. Rd1+ Ke5 39. Rd2 Rc1 40. Rd8 Rc2+ 41. Rd2 Rc1 42. Rd8 Rc2+ 43.
Rd2 Rc1 1/2-1/2

[Event "*** Titled Tuesday Blitz"]
[Site "Chess.com"]
[Date "2020.10.27"]
[Round "3"]
[White "ferdipy"]
[Black "niki_2003"]
[Result "1-0"]
[WhiteElo "2318"]
[BlackElo "1871"]
[TimeControl "180+1"]
[EndTime "10:28:15 PDT"]
[Termination "ferdipy won on time"]

1. e4 c5 2. d4 cxd4 3. c3 dxc3 4. Nxc3 Nc6 5. Bc4 Nf6 6. Nf3 e6 7. O-O Be7 8. e5 Ng4 9. Qe2 h5 10. h3 Nh6 11. Bf4 Nf5 12. Rfd1 b6 13. Rac1 Bb7 14.
Bb3 Rc8 15. Ne4 g6 16. Bg5 O-O 17. g4 Bxg5 18. Nfxg5 Ncd4 19. Qd3 Rxc1 20. Rxc1 Bxe4 21. Nxe4 Nh4 22. Bd1 Nc6 23. Nf6+ Kg7 24. f4 d6 25. Rxc6 dxe5 26. Qxd8 Rxd8 27. Bb3 Kxf6 28. fxe5+ Kxe5 29. Rc7 hxg4 30. hxg4 Rd4 31. Rxf7 Rxg4+ 32. Kh2 Rb4 33. Rxa7 Nf3+ 34. Kg3 Nd4 35. Ra4 Rxa4 36. Bxa4 b5 37.
Bd1 b4 38. Kg4 Ke4 39. a4 Kd3 40. a5 Kd2 41. Ba4 e5 42. a6 Ne6 43. Bc6 Nc7 44. a7 Kc2 45. Kg5 Kxb2 46. Kf6 Ka3 47. Kxe5 b3 48. Kd6 Na8 49. Bxa8 b2 50. Be4 1-0

[Event "*** Titled Tuesday Blitz"]
[Site "Chess.com"]
[Date "2020.10.27"]
[Round "3"]
[White "chesslh19"]
[Black "dopolian"]
[Result "0-1"]
[WhiteElo "2211"]
[BlackElo "2428"]
[TimeControl "180+1"]
[EndTime "10:28:15 PDT"]
[Termination "dopolian won by resignation"]

1. e4 e5 2. Nf3 Nc6 3. Bb5 a6 4. Bxc6 dxc6 5. O-O f6 6. d4 exd4 7. Nxd4 c5 8. Nb3 Qxd1 9. Rxd1 Bg4 10. f3 Bd7 11.
Bf4 O-O-O 12. Nc3 c4 13. Nd4 Ne7 14. Nd5 Nxd5 15. exd5 Bc5 16. Be3 Rhe8 17. Bf2 Re5 18. Ne6 Bxf2+ 19. Kxf2 Bxe6 20. dxe6 Rxe6 21. Rxd8+ Kxd8 22. Rd1+ Rd6 23. Re1 Rd2+ 24. Re2 Rxe2+ 25. Kxe2 Kd7 26.
Ke3 Kd6 27. Kd4 b5 28. Ke4 g6 29. c3 c5 30. Kf4 Ke6 31. Ke4 f5+ 32. Kf4 Kf6 33. h4 h6 34. g4 Ke6 35. Ke3 fxg4 36.
fxg4 Ke5 37. Kf3 h5 38. gxh5 gxh5 39. Ke3 Kf5 40. Kf3 a5 41. a3 a4 42. Ke3 Kg4 43. Ke4 Kxh4 44. Kd5 Kg4 45. Kxc5 h4 46. Kxb5 h3 47.
Kxa4 h2 48. Kb4 h1=Q 49. Kxc4 Qa1 50. b4 Qxa3 51. b5 Qd6 52. Kb3 Qc5 53. c4 Kf4 0-1

[Event "*** Titled Tuesday Blitz"]
[Site "Chess.com"]
[Date "2020.10.27"]
[Round "3"]
[White "TheCairnTerrier"]
[Black "dpopadic"]
[Result "0-1"]
[WhiteElo "2187"]
[BlackElo "2395"]
[TimeControl "180+1"]
[EndTime "10:28:15 PDT"]
[Termination "dpopadic won by checkmate"]

1. e4 c5 2. Nf3 Nc6 3. Bb5 d6 4. O-O Bd7 5. Re1 Nf6 6. c3 a6 7. Bf1 Bg4 8. h3 Bxf3 9. Qxf3 g6 10. d3 Bg7 11. Bf4 O-O 12. Nd2 Rc8 13. g4 b5 14. Qe3 b4 15. d4 bxc3 16. bxc3 cxd4 17. cxd4 e5 18. dxe5 dxe5 19. Bg3 a5 20. Nf3 Nd4 21.
Nxd4 exd4 22. Qd2 Nd7 23. Rac1 Nc5 24. e5 a4 25. Qb4 Ne6 26. Bg2 Qd7 27. Red1 g5 28.
Rxc8 Rxc8 29. Be4 Rd8 30. Bf5 Qd5 31. Qxa4 Bxe5 32. Bxe5 Qxe5 33. Bxe6 fxe6 34. Qc2 Qf4 35. Qd2 Qxd2 36. Rxd2 Kf7 37. Kg2 e5 38. Kf3 Ke6 39.
Ke4 Rf8 40. f3 Rf4+ 41. Kd3 Rxf3+ 42. Kc4 Rc3+ 43. Kb4 Kd5 44. a4 e4 45. a5 e3 46.
Ra2 Rc8 47. a6 Ra8 48. a7 Ke4 49. Kc4 Rc8+ 50. Kb3 Ra8 51. Kc4 h6 52. Kb3 d3 53.
Ra4+ Kf3 54. Kc3 d2 55. Kc2 Rc8+ 56. Kd1 Rc1# 0-1

[Event "*** Titled Tuesday Blitz"]
[Site "Chess.com"]
[Date "2020.10.27"]
[Round "3"]
[White "Fortitudine"]
[Black "scarabee43"]
[Result "0-1"]
[WhiteElo "2290"]
[BlackElo "2539"]
[TimeControl "180+1"]
[EndTime "10:28:16 PDT"]
[Termination "scarabee43 won by resignation"]

1. c4 e6 2. g3 d5 3. Nf3 Nf6 4. b3 Be7 5. Bb2 O-O 6. Bg2 b6 7. cxd5 exd5 8. O-O Bb7 9. d4 Nbd7 10. Nc3 Re8 11. Rc1 a6 12. Na4 Rc8 13. e3 Bf8 14. Qe2 Ne4 15. Rfd1 a5 16. Ne5 Bd6 17. Bh3 Bxe5 18.
dxe5 Ng5 19. Bg2 c6 20. f4 Ne6 21. e4 dxe4 22. Bxe4 b5 23. Rxd7 Qxd7 24. Nb6 Qe7 25. Nxc8 Rxc8 26. Rd1 Rd8 27. Rd3 Nc5 28. Rxd8+ Qxd8 29. Bc2 b4 30. h4 Ba6 31. Qf2 Qd5 32. Bd4 Ne6 33. Be3 c5 34. f5 Nd4 35. Bxd4 cxd4 36.
f6 d3 37. Bd1 Qxe5 38. fxg7 Bb7 39. Kh2 Qe4 40. Kh3 Qh1+ 41. Kg4 Qxd1+ 42. Kh3 d2 43.
Qf6 Qh1+ 44. Kg4 Qf3+ 45. Kg5 Qxf6+ 46. Kxf6 d1=Q 0-1

[Event "*** Titled Tuesday Blitz"]
[Site "Chess.com"]
[Date "2020.10.27"]
[Round "3"]
[White "Deepweb2020"]
[Black "chenxiaoyuer"]
[Result "0-1"]
[WhiteElo "2231"]
[BlackElo "2515"]
[TimeControl "180+1"]
[EndTime "10:28:16 PDT"]
[Termination "chenxiaoyuer won on time"]

1. d4 Nf6 2. c4 g6 3. Nf3 Bg7 4. g3 O-O 5. Bg2 d6 6. O-O Nc6 7. Nc3 Bg4 8. d5 Na5 9. Nd2 c5 10. h3 Bd7 11. Qc2 a6 12. b3 b5 13.
Bb2 Rb8 14. Rab1 Qc8 15. Kh2 bxc4 16. bxc4 Rb4 17. a3 Rb8 18. Ba1 e5 19. e4 Nh5 20.
Rxb8 Qxb8 21. Ne2 f5 22. f4 exf4 23. Nxf4 Nxf4 24. Bxg7 Nxg2 25. Qc3 Ne3 26. Bxf8 Nxf1+ 27. Nxf1 Qxf8 28. Qxa5 fxe4 29. Qe1 Qf5 30. g4 Qf4+ 31. Ng3 e3 32. Qe2 Ba4 33. Kg2 Bd1 34. Qf1 Qd4 35. Qe1 Qb2+ 0-1

[Event "*** Titled Tuesday Blitz"]
[Site "Chess.com"]
[Date "2020.10.27"]
[Round "3"]
[White "TregubovP"]
[Black "Arseniy_Nesterov"]
[Result "1/2-1/2"]
[WhiteElo "2542"]
[BlackElo "2795"]
[TimeControl "180+1"]
[EndTime "10:28:17 PDT"]
[Termination "Game drawn by repetition"]

1. e4 e5 2. Nf3 Nc6 3. Bb5 a6 4.
Ba4 b5 5. Bb3 Na5 6. O-O d6 7.
d4 exd4 8. c3 Nxb3 9. axb3 dxc3 10. Nxc3 Nf6 11. e5 dxe5 12. Qxd8+ Kxd8 13. Nxe5 Be6 14. Nxb5 Bc5 15. Bg5 Kc8 16. Rfc1 Ne4 17. Be3 Kb7 18.
Nxc7 Bxe3 19. fxe3 Rac8 20. Nxe6 fxe6 21. Rc4 Nd2 22.
Rb4+ Ka7 23. Nf7 Rhf8 24. Nd6 Rb8 25. Nb5+ Kb6 26. Nd4+ Kc5 27. Rba4 Nxb3 28. Nxe6+ Kd5 29. Nxf8 Nxa1 30. Nxh7 Nc2 31. Rxa6 Rxb2 32. Rg6 Nxe3 33. Rxg7 Ke4 34. h3 Rb1+ 35. Kf2 Rb2+ 36. Kg1 Rb1+ 37. Kh2 Nf1+ 38. Kg1 Ne3+ 1/2-1/2

[Event "*** Titled Tuesday Blitz"]
[Site "Chess.com"]
[Date "2020.10.27"]
[Round "3"]
[White "BanjoKazooieN64"]
[Black "Danny_Billiards"]
[Result "1-0"]
[WhiteElo "2347"]
[BlackElo "2508"]
[TimeControl "180+1"]
[EndTime "10:28:17 PDT"]
[Termination "BanjoKazooieN64 won by resignation"]

1. e4 e5 2. Nf3 Nc6 3. Bc4 Bc5 4. b4 Bxb4 5. c3 Be7 6. d4 Na5 7. Be2 d6 8. dxe5 dxe5 9. Qa4+ Nc6 10. Nxe5 Bd7 11.
Nxd7 Qxd7 12. O-O Bd6 13. Bb5 a6 14. e5 Bc5 15. Nd2 Nge7 16. Ne4 Bb6 17. Ba3 O-O 18.
Bxc6 bxc6 19. Rad1 Qe6 20. Ng5 Qxe5 21. Qh4 h6 22.
Nf3 Ng6 23. Nxe5 Nxh4 24. Bxf8 Rxf8 25. Nxc6 Re8 26. Rfe1 Rxe1+ 27. Rxe1 g6 28. Re8+ Kg7 29. Ra8 Nf5 30. Rxa6 Nd6 31. Ra4 f5 32. Kf1 Ne4 33. Nd4 Nxc3 34. Rc4 Nd5 35. Ne6+ Kf6 36. Nc5 Ke7 37.
Nd3 Kd6 38. g3 g5 39. h4 Nf6 40. hxg5 hxg5 41. f3 Nd5 42. Ke2 Ba5 43. g4 f4 44. Nf2 Nc3+ 45. Rxc3 Bxc3 46. Ne4+ Kd5 47. Nxc3+ Kd4 48. Ne4 c5 49. Nxg5 c4 50. Ne6+ 1-0

[Event "*** Titled Tuesday Blitz"]
[Site "Chess.com"]
[Date "2020.10.27"]
[Round "3"]
[White "LyonBeast"]
[Black "YoungUzbek"]
[Result "0-1"]
[WhiteElo "3036"]
[BlackElo "2765"]
[TimeControl "180+1"]
[EndTime "10:28:18 PDT"]
[Termination "YoungUzbek won by resignation"]

1. c4 f5 2. g3 Nf6 3. Bg2 e6 4.
Nc3 d5 5. d4 c6 6. Nh3 Bd6 7.
O-O O-O 8. Bf4 b6 9. Rc1 Ba6 10. b3 dxc4 11. Re1 Nd5 12. Bxd6 Qxd6 13. Qd2 Nd7 14. bxc4 Bxc4 15. e4 Nxc3 16. Rxc3 b5 17. e5 Qc7 18. Nf4 Rae8 19. h4 Nb6 20. Rb1 Nd5 21. Bxd5 exd5 22. a4 a6 23. Ra3 c5 24.
axb5 axb5 25. e6 b4 26. Re3 b3 27. h5 Qb6 28. dxc5 Qxc5 29. Re5 Qd6 30. Qd4 Rb8 31. e7 Rfe8 32. Re6 Qd7 33. Rbe1 h6 34. Qb2 d4 35.
R6e5 d3 36. Ng6 Bf7 37. Nf8 Qd6 38. R5e3 d2 39. Rd1 Rxe7 40. Rxd2 Qxd2 41. Qxd2 Rxe3 42. Qd6 Re1+ 43. Kg2 Rxf8 0-1

[Event "*** Titled Tuesday Blitz"]
[Site "Chess.com"]
[Date "2020.10.27"]
[Round "3"]
[White "CheckThis4"]
[Black "CM_rui"]
[Result "1-0"]
[WhiteElo "2582"]
[BlackElo "2372"]
[TimeControl "180+1"]
[EndTime "10:28:18 PDT"]
[Termination "CheckThis4 won by checkmate"]

1. d4 Nf6 2. c4 e6 3. Nf3 Bb4+ 4. Nbd2 O-O 5. e3 d6 6. Bd3 Nbd7 7. O-O Qe7 8. Nb3 e5 9. a3 Bxa3 10. Rxa3 e4 11.
Be2 exf3 12. Bxf3 c6 13. Bd2 Re8 14. Qc2 Nf8 15. Na5 Qc7 16. b4 Ng6 17. g3 Bd7 18. Rc1 Rac8 19. Bg2 b6 20. Nb3 Ne7 21. Rca1 Ra8 22. Qa2 Nc8 23. b5 d5 24. bxc6 Bxc6 25. c5 bxc5 26. Nxc5 Ne4 27. Ba5 Qe7 28. Bb4 Qf6 29.
Nxe4 dxe4 30. Bc5 Nb6 31. Bxb6 axb6 32. Rxa8 Bxa8 33. Qxa8 Qe6 34. Qa2 Qd7 35. Qb1 Qc6 36.
Qc1 Qb7 37. Rb1 b5 38. Qc5 Rb8 39. Rb4 Ra8 40. h3 h6 41. Rxb5 Ra1+ 42. Kh2 Qd7 43. Rb8+ Kh7 44. Bxe4+ g6 45. Bg2 Qe6 46. Qe5 Qxe5 47.
dxe5 Kg7 48. Rb7 h5 49. e6 Kf6 50. exf7 Kg7 51. Bd5 Kf8 52. Kg2 Ra5 53. Rb8+ Ke7 54. f8=Q+ Kd7 55. Qe8+ Kc7 56. Rc8+ Kd6 57. Qe6# 1-0

[Event "*** Titled Tuesday Blitz"]
[Site "Chess.com"]
[Date "2020.10.27"]
[Round "3"]
[White "maximnovik"]
[Black "Chamal_Gedgafov"]
[Result "1-0"]
[WhiteElo "2497"]
[BlackElo "2166"]
[TimeControl "180+1"]
[EndTime "10:28:18 PDT"]
[Termination "maximnovik won by checkmate"]

1. d4 e6 2. c4 d5 3. Nc3 Nf6 4. cxd5 exd5 5. Bg5 Be7 6. e3 O-O 7. Bd3 Nbd7 8. Qc2 Re8 9. Nge2 Nf8 10. O-O-O c6 11.
h4 b5 12. Kb1 a5 13. Nf4 a4 14. Nce2 Bd7 15. Bf5 Qb6 16. Bxf6 Bxf6 17. Rc1 Rec8 18.
g4 b4 19. Bxd7 Nxd7 20. Qf5 Nf8 21. Nxd5 Qb5 22. Nxf6+ gxf6 23. Qxb5 cxb5 24. Nf4 Rc4 25. Nd5 Nd7 26. Rxc4 bxc4 27. Nxb4 a3 28. Rc1 Nb6 29.
e4 axb2 30. Kxb2 Rc8 31. d5 Kf8 32. Nc6 Ra8 33. Rc2 Ke8 34. Kc3 Kd7 35. Kd4 Kd6 36.
f4 Ra3 37. e5+ fxe5+ 38. fxe5+ Kd7 39. Kc5 Na4+ 40. Kxc4 Rg3 41. Kb5 Nc3+ 42. Kb6 Nxd5+ 43. Kc5 Nc7 44. Rd2+ Ke6 45. Rd6# 1-0

[Event "*** Titled Tuesday Blitz"]
[Site "Chess.com"]
[Date "2020.10.27"]
[Round "3"]
[White "dawtonlms"]
[Black "beto-betun"]
[Result "0-1"]
[WhiteElo "2380"]
[BlackElo "2208"]
[TimeControl "180+1"]
[EndTime "10:28:18 PDT"]
[Termination "beto-betun won on time"]

1. e4 c5 2. Nf3 d6 3. d4 cxd4 4.
Nxd4 Nf6 5. Nc3 a6 6. Be3 e5 7. Nb3 Be7 8. f3 Be6 9. Qd2 Nbd7 10. g4 b5 11. g5 Nh5 12. Ne2 O-O 13. Ng3 Nf4 14.
h4 Nb6 15. Na5 Rc8 16. O-O-O Nc4 17. Nxc4 bxc4 18. c3 Qa5 19. Kb1 Rb8 20. Bxf4 exf4 21. Nh5 Rfd8 22. Nxf4 d5 23. exd5 Bf5+ 24. Ka1 Qa4 25.
Bh3 Bc2 26. Ne2 Bb3 27. Nc1 Bxd1 28. Rxd1 Rb7 29. Ne2 Rdb8 30. Rb1 Ba3 31. b3 cxb3 32. axb3 Rxb3 33. Rxb3 Qxb3 0-1

[Event "*** Titled Tuesday Blitz"]
[Site "Chess.com"]
[Date "2020.10.27"]
[Round "3"]
[White "lelya96"]
[Black "smshk35"]
[Result "1-0"]
[WhiteElo "2193"]
[BlackElo "2483"]
[TimeControl "180+1"]
[EndTime "10:28:19 PDT"]
[Termination "lelya96 won on time"]

1. e4 c5 2. Nf3 e6 3. d4 cxd4 4. Nxd4 a6 5. Nc3 b5 6. Be2 Bb7 7. a3 Nc6 8. O-O Nf6 9. Be3 Qc7 10. f4 Nxd4 11. Qxd4 Rc8 12. e5 Nd5 13. Nxd5 Bxd5 14.
c3 g6 15. Bf3 Bxf3 16. Rxf3 Bc5 17. Qxc5 Qxc5 18. Bxc5 Rxc5 19. Rd3 Ke7 20. Rad1 Rd8 21. Rd6 Rc6 22. Kf2 Rxd6 23. Rxd6 Ra8 24. Ke3 f6 25. Kd4 fxe5+ 26. fxe5 Kd8 27. c4 bxc4 28. Kxc4 Kc7 29. b4 h5 30. a4 g5 31. a5 g4 32. g3 Rc8 33. Rb6 Kd8+ 34. Kd3 Ra8 35.
Ke4 Kc7 36. Ke3 Rb8 37. Rxb8 Kxb8 38. Kf4 Kc7 39. Kg5 d5 40. exd6+ Kxd6 41. Kxh5 e5 42.
Kxg4 Kd5 43. Kf3 Kc4 44. h4 Kxb4 45. h5 1-0

[Event "*** Titled Tuesday Blitz"]
[Site "Chess.com"]
[Date "2020.10.27"]
[Round "3"]
[White "Sergey85Rodchenkov"]
[Black "KaterynaLagno"]
[Result "1-0"]
[WhiteElo "2450"]
[BlackElo "2683"]
[TimeControl "180+1"]
[EndTime "10:28:20 PDT"]
[Termination "Sergey85Rodchenkov won on time"]

1. e4 e5 2. Nf3 Nc6 3. Bc4 Nf6 4. d3 Be7 5. O-O O-O 6. Re1 d6 7. c3 Kh8 8. Nbd2 Na5 9. Bb5 a6 10. Ba4 b5 11. Bc2 c5 12. Nf1 Nc6 13. Ng3 Be6 14.
Ng5 Bg4 15. Nf3 h6 16. h3 Be6 17. d4 cxd4 18. cxd4 exd4 19. Nxd4 Nxd4 20. Qxd4 Rc8 21. Bb3 Qd7 22. Bf4 Rfd8 23. Red1 a5 24. Qe3 Bf8 25. e5 Ne8 26. exd6 Nxd6 27. Be5 Kg8 28. Ne4 Bxb3 29. axb3 Qe6 30. Nxd6 Bxd6 31. Rxd6 Rxd6 32. Qg3 f6 33. Bxd6 Rc2 34. Bf4 Rxb2 35. Bxh6 Qf7 36.
Be3 Rxb3 37. Rxa5 Rb1+ 38. Kh2 Rb4 39. Ra8+ Kh7 40. Rb8 Qd7 41. Ra8 Rc4 42. Ra7 1-0

[Event "*** Titled Tuesday Blitz"]
[Site "Chess.com"]
[Date "2020.10.27"]
[Round "3"]
[White "Samantha_Ross"]
[Black "aleksey1203borisovi4"]
[Result "1-0"]
[WhiteElo "2324"]
[BlackElo "2500"]
[TimeControl "180+1"]
[EndTime "10:28:20 PDT"]
[Termination "Samantha_Ross won by checkmate"]

1. c4 g6 2. Nf3 Bg7 3. g3 d6 4.
Bg2 Nc6 5. O-O h5 6. h4 Nf6 7. Nc3 O-O 8. d4 Bg4 9. d5 Nb8 10. Ng5 c6 11. Re1 cxd5 12. Nxd5 Nxd5 13. Qxd5 Nc6 14. Be3 Bf5 15. Be4 Bxe4 16. Qxe4 Qa5 17. Qc2 Rac8 18. Bd2 Qb6 19. Bc3 Nb4 20. Qb3 Bxc3 21.
bxc3 Na6 22. Reb1 Qxb3 23. axb3 Ra8 24. f4 Rfc8 25. Ra5 Nc5 26. Kf2 a6 27. Kf3 Kg7 28.
Ne4 Nd7 29. Rba1 Rc7 30. Nd2 Rac8 31. b4 Nb6 32. b5 Nxc4 33. Nxc4 Rxc4 34. bxa6 Rxc3+ 35. Kf2 bxa6 36. Rxa6 R8c7 37. Ra7 d5 38. Rxc7 Rxc7 39.
Rd1 e6 40. Rd2 Kf6 41. Kf3 Kf5 42. e3 Rc1 43. Ra2 Rf1+ 44. Kg2 Rc1 45. Kf3 Rc3 46. Ra7 d4 47. Rxf7# 1-0

[Event "*** Titled Tuesday Blitz"]
[Site "Chess.com"]
[Date "2020.10.27"]
[Round "3"]
[White "Artem_0degov"]
[Black "coco_crc"]
[Result "1-0"]
[WhiteElo "2396"]
[BlackElo "2175"]
[TimeControl "180+1"]
[EndTime "10:28:21 PDT"]
[Termination "Artem_0degov won by resignation"]

1. d4 d5 2. Bf4 Bf5 3. e3 e6 4. Bd3 Bg6 5. Nf3 Nf6 6. Ne5 c6 7. h4 Nbd7 8. h5 Bxd3 9. Qxd3 Nxe5 10. Bxe5 Bd6 11. h6 g6 12. Nd2 Bxe5 13. dxe5 Nd7 14.
f4 Qb6 15. O-O-O O-O-O 16. Kb1 Kb8 17. Nb3 Nc5 18. Nxc5 Qxc5 19. g4 Qb4 20. Rhf1 Rhe8 21. a3 Qa4 22. Qd4 Qb5 23. Rf2 c5 24. Qc3 Rd7 25. Rfd2 Rc8 26. Rd3 Qb6 27. e4 d4 28. Qc4 Qc6 29. a4 Qxe4 30. c3 Qxf4 31. Qb5 Rc6 32. cxd4 cxd4 33. Rb3 Qe4+ 34. Ka2 Qd5 35.
Qb4 Rb6 36. Qf8+ Rd8 37. Qa3 Rxb3 38. Qxb3 Qxb3+ 39. Kxb3 Rd5 40. Kc4 Rxe5 41. Rxd4 Rg5 42. Rf4 Rxg4 43. Rxg4 f5 44. Rd4 Kc7 45. Kc5 b5 46.
axb5 1-0